PL
PHOENIX HOTSPUR @ CHICAGO GOLD SOX
06/05/2029
 
TOP OF THE 1ST
Phoenix Hotspur batting - Pitching for Chicago Gold Sox : RHP Gordon Neugebauer
Pitching: RHP Gordon Neugebauer
Batting: RHB Kyle Bywaters 0-0: Ball
1-0: Ball
2-0: Called Strike
2-1: SINGLE (Groundball, 3D)
Batting: RHB Hieronymus Bosch 0-0: Ball
Kyle Bywaters steals 2nd base
1-0: Swinging Strike
1-1: Ground out 6-3 (Groundball, 6)
Batting: LHB Francisco García 0-0: Ball
1-0: Foul Ball, location: 2F
1-1: SINGLE (Line Drive, 6MD)
Kyle Bywaters to third
Runner from 3rd tries for Home, SAFE, no throw
Batting: LHB Mario Cruz 0-0: Foul Ball, location: 2F
0-1: Ball
1-1: Grounds into double play, 4-6-3 (Groundball, 4)
Top of the 1st over - 1 run, 2 hits, 0 errors, 0 left on base; Phoenix 1 - Chicago 0
BOTTOM OF THE 1ST
Chicago Gold Sox batting - Pitching for Phoenix Hotspur : RHP Miguel Rubia
Pitching: RHP Miguel Rubia
Batting: LHB Stanley Belote 0-0: Fly out, F8 (Flyball, 8RXD)
Batting: LHB Noel Ballard 0-0: Called Strike
0-1: Fly out, F9 (Flyball, 9S)
Batting: LHB Melvin Castro 0-0: Ball
1-0: Called Strike
1-1: Foul Ball, location: 2F
1-2: Strikes out swinging
Bottom of the 1st over - 0 runs, 0 hits, 0 errors, 0 left on base; Phoenix 1 - Chicago 0
TOP OF THE 2ND
Phoenix Hotspur batting - Pitching for Chicago Gold Sox : RHP Gordon Neugebauer
Batting: RHB Ed Sharp 0-0: Called Strike
0-1: Ball
1-1: Foul Ball, location: 2F
1-2: Ball
2-2: Ball
3-2: Fly out, F9 (Flyball, 9S)
Batting: LHB Wagaw Lukongolo 0-0: Ball
1-0: Ball
2-0: Ball
3-0: Base on Balls
Batting: RHB Alex Niemann 0-0: Ball
1-0: Ground out U3 (Groundball, 34S)
Wagaw Lukongolo to second
Batting: RHB Ted Cook 0-0: Ball
1-0: Foul Ball, location: 2F
1-1: Ball
2-1: Ball
3-1: Base on Balls
Batting: RHB Pierre Bernard 0-0: Foul Ball, location: 2F
0-1: Foul Ball, location: 2F
0-2: Strikes out swinging
Top of the 2nd over - 0 runs, 0 hits, 0 errors, 2 left on base; Phoenix 1 - Chicago 0
BOTTOM OF THE 2ND
Chicago Gold Sox batting - Pitching for Phoenix Hotspur : RHP Miguel Rubia
Batting: LHB Dewitt Hopper 0-0: Ball
1-0: Ball
2-0: Called Strike
2-1: Foul Ball, location: 2F
2-2: Ball
3-2: Base on Balls
Batting: SHB Lupo Cotto 0-0: Ball
1-0: Called Strike
1-1: Foul Ball, location: 2F
1-2: Grounds into double play, 4-6-3 (Groundball, 4)
Batting: LHB Ricardo Collazo 0-0: Ball
1-0: Ball
2-0: Swinging Strike
2-1: Called Strike
2-2: SINGLE (Line Drive, 6M)
Batting: RHB Manuel Guillama 0-0: Ball
Pickoff Throw to First - Out!
Bottom of the 2nd over - 0 runs, 1 hit, 0 errors, 0 left on base; Phoenix 1 - Chicago 0
TOP OF THE 3RD
Phoenix Hotspur batting - Pitching for Chicago Gold Sox : RHP Gordon Neugebauer
Batting: RHB Kyle Bywaters 0-0: Called Strike
0-1: Ball
1-1: Foul Ball, location: 2F
1-2: Ball
2-2: Foul Ball, location: 2F
2-2: SINGLE (Line Drive, 34D)
Batting: RHB Hieronymus Bosch 0-0: Ball
1-0: Ball
Throwing error on steal attempt, E2
Kyle Bywaters to third
2-0: Foul Ball, location: 2F
2-1: Called Strike
2-2: Reached on error, E5 (Groundball, 56S)
Kyle Bywaters scores
Batting: LHB Francisco García 0-0: Ball
1-0: Foul Ball, location: 2F
1-1: Ball
2-1: Called Strike
2-2: Strikes out swinging
Batting: LHB Mario Cruz 0-0: Called Strike
0-1: Ball
1-1: Grounds into double play, 4-6-3 (Groundball, 4)
Top of the 3rd over - 1 run, 1 hit, 2 errors, 0 left on base; Phoenix 2 - Chicago 0
BOTTOM OF THE 3RD
Chicago Gold Sox batting - Pitching for Phoenix Hotspur : RHP Miguel Rubia
Batting: RHB Manuel Guillama 0-0: Ball
1-0: Ball
2-0: Ball
3-0: Called Strike
3-1: Foul Ball, location: 2F
3-2: Foul Ball, location: 2F
3-2: Ground out 1-3 (Groundball, 13S)
Batting: RHB Zeus Preckwinkle 0-0: Ball
1-0: Swinging Strike
1-1: Ball
2-1: Swinging Strike
2-2: Ball
3-2: Strikes out swinging
Batting: RHB Matt Love 0-0: Ball
1-0: Foul Ball, location: 2F
1-1: Ground out 6-3 (Groundball, 6)
Bottom of the 3rd over - 0 runs, 0 hits, 0 errors, 0 left on base; Phoenix 2 - Chicago 0
TOP OF THE 4TH
Phoenix Hotspur batting - Pitching for Chicago Gold Sox : RHP Gordon Neugebauer
Batting: RHB Ed Sharp 0-0: Called Strike
0-1: Ground out 5-3 (Groundball, 56S)
Batting: LHB Wagaw Lukongolo 0-0: Ball
1-0: Ball
2-0: Called Strike
2-1: Foul Ball, location: 2F
2-2: Foul Ball, location: 2F
2-2: Foul Ball, location: 2F
2-2: Ground out 1-3 (Groundball, P)
Batting: RHB Alex Niemann 0-0: Ground out 4-3 (Groundball, 4)
Top of the 4th over - 0 runs, 0 hits, 0 errors, 0 left on base; Phoenix 2 - Chicago 0
BOTTOM OF THE 4TH
Chicago Gold Sox batting - Pitching for Phoenix Hotspur : RHP Miguel Rubia
Batting: LHB Stanley Belote 0-0: Ground out 4-3 (Groundball, 4)
Batting: LHB Noel Ballard 0-0: Ball
1-0: Ball
2-0: Foul Ball, location: 2F
2-1: Ball
3-1: Base on Balls
Batting: LHB Melvin Castro 0-0: Called Strike
0-1: Called Strike
0-2: DOUBLE (Line Drive, 3D)
Noel Ballard to third
Batting: LHB Dewitt Hopper 0-0: Ball
1-0: Called Strike
1-1: Ground out 6-3 (Groundball, 6)
Noel Ballard scores
Batting: SHB Lupo Cotto 0-0: Ball
1-0: Called Strike
1-1: Swinging Strike
1-2: Foul Ball, location: 2F
1-2: Ball
2-2: Ball
3-2: Strikes out swinging
Bottom of the 4th over - 1 run, 1 hit, 0 errors, 1 left on base; Phoenix 2 - Chicago 1
TOP OF THE 5TH
Phoenix Hotspur batting - Pitching for Chicago Gold Sox : RHP Gordon Neugebauer
Batting: RHB Ted Cook 0-0: Called Strike
0-1: Swinging Strike
0-2: Strikes out swinging
Batting: RHB Pierre Bernard 0-0: Called Strike
0-1: Foul Ball, location: 2F
0-2: Ball
1-2: Foul Ball, location: 2F
1-2: SINGLE (Groundball, 4M) (infield hit)
Batting: RHB Kyle Bywaters 0-0: Called Strike
0-1: Ball
1-1: Ball
2-1: Ball
3-1: Fly out, F8 (Flyball, 78D)
Batting: RHB Hieronymus Bosch 0-0: Called Strike
0-1: Fly out, F8 (Flyball, 8LS)
Top of the 5th over - 0 runs, 1 hit, 0 errors, 1 left on base; Phoenix 2 - Chicago 1
BOTTOM OF THE 5TH
Chicago Gold Sox batting - Pitching for Phoenix Hotspur : RHP Miguel Rubia
Batting: LHB Ricardo Collazo 0-0: Called Strike
0-1: Ball
1-1: Ball
2-1: Ball
3-1: Base on Balls
Batting: RHB Manuel Guillama 0-0: Ball
1-0: Called Strike
1-1: Called Strike
1-2: Ball
2-2: Strikes out swinging
Ricardo Collazo steals 2nd base
Batter strikes out.
Batting: RHB Zeus Preckwinkle 0-0: Called Strike
0-1: Ball
1-1: Swinging Strike
1-2: Ground out 4-3 (Groundball, 34)
Ricardo Collazo to third
Batting: RHB Matt Love 0-0: Ball
1-0: Called Strike
1-1: Foul Ball, location: 2F
1-2: Foul Ball, location: 2F
1-2: Strikes out swinging
Bottom of the 5th over - 0 runs, 0 hits, 0 errors, 1 left on base; Phoenix 2 - Chicago 1
TOP OF THE 6TH
Phoenix Hotspur batting - Pitching for Chicago Gold Sox : RHP Gordon Neugebauer
Batting: LHB Francisco García 0-0: Ground out 6-3 (Groundball, 6)
Batting: LHB Mario Cruz 0-0: Called Strike
0-1: Ball
1-1: Foul Ball, location: 2F
1-2: Foul Ball, location: 2F
1-2: Ball
2-2: Strikes out looking
Batting: RHB Ed Sharp 0-0: Called Strike
0-1: Swinging Strike
0-2: Foul Ball, location: 2F
0-2: Foul Ball, location: 2F
0-2: Ball
1-2: Strikes out looking
Top of the 6th over - 0 runs, 0 hits, 0 errors, 0 left on base; Phoenix 2 - Chicago 1
BOTTOM OF THE 6TH
Chicago Gold Sox batting - Pitching for Phoenix Hotspur : RHP Miguel Rubia
Batting: LHB Stanley Belote 0-0: Ball
1-0: Foul Ball, location: 2F
1-1: Foul Ball, location: 2F
1-2: Ball
2-2: Foul Ball, location: 2F
2-2: Foul Ball, location: 2F
2-2: Ball
3-2: Foul Ball, location: 2F
3-2: Base on Balls
Batting: LHB Noel Ballard 0-0: Called Strike
0-1: Grounds into double play, 4-6-3 (Groundball, 4)
Batting: LHB Melvin Castro 0-0: Ball
1-0: Swinging Strike
1-1: Ball
2-1: Fly out, F8 (Flyball, 8RXD)
Bottom of the 6th over - 0 runs, 0 hits, 0 errors, 0 left on base; Phoenix 2 - Chicago 1
TOP OF THE 7TH
Phoenix Hotspur batting - Pitching for Chicago Gold Sox : RHP Gordon Neugebauer
Pitching: LHP Jesús Tejeda
Batting: LHB Wagaw Lukongolo 0-0: Called Strike
0-1: Ball
1-1: Ball
2-1: Foul Ball, location: 2F
2-2: Strikes out looking
Pitching: RHP Gordon Fry
Batting: RHB Alex Niemann 0-0: Called Strike
0-1: Foul Ball, location: 2F
0-2: Strikes out swinging
Batting: RHB Ted Cook 0-0: Ball
1-0: Ball
2-0: Ground out 1-3 (Groundball, P)
Top of the 7th over - 0 runs, 0 hits, 0 errors, 0 left on base; Phoenix 2 - Chicago 1
BOTTOM OF THE 7TH
Chicago Gold Sox batting - Pitching for Phoenix Hotspur : RHP Miguel Rubia
Batting: LHB Dewitt Hopper 0-0: Called Strike
0-1: Ball
1-1: Foul Ball, location: 2F
1-2: Ball
2-2: Ball
3-2: Foul Ball, location: 2F
3-2: Fly out, F8 (Flyball, 8LM)
Batting: SHB Lupo Cotto 0-0: Called Strike
0-1: Ball
1-1: Foul Ball, location: 2F
1-2: Foul Ball, location: 2F
1-2: Foul Ball, location: 2F
1-2: Strikes out swinging
Batting: LHB Ricardo Collazo 0-0: Ball
1-0: Ball
2-0: DOUBLE (Groundball, 3L)
Batting: RHB Manuel Guillama 0-0: Ball
1-0: Foul Ball, location: 2F
1-1: Foul Ball, location: 2F
1-2: Ground out 5-3 (Groundball, 56S)
Bottom of the 7th over - 0 runs, 1 hit, 0 errors, 1 left on base; Phoenix 2 - Chicago 1
TOP OF THE 8TH
Phoenix Hotspur batting - Pitching for Chicago Gold Sox : RHP Gordon Fry
Batting: RHB Pierre Bernard 0-0: Ball
1-0: SINGLE (Line Drive, 6MD)
Batting: RHB Kyle Bywaters 0-0: Ball
1-0: Sac Bunt - play at first, batter OUT! 1-4
Pierre Bernard to second
Batting: RHB Hieronymus Bosch 0-0: Called Strike
0-1: Foul Ball, location: 2F
0-2: Foul Ball, location: 2F
0-2: Ground out 5-3 (Groundball, 5L)
Batting: LHB Francisco García 0-0: SINGLE (Groundball, 56D)
Pierre Bernard to third
Runner from 3rd tries for Home, SAFE, no throw
Batting: LHB Mario Cruz 0-0: Swinging Strike
0-1: Ball
1-1: Ball
2-1: Ball
3-1: Ground out 4-3 (Groundball, 34)
Top of the 8th over - 1 run, 2 hits, 0 errors, 1 left on base; Phoenix 3 - Chicago 1
BOTTOM OF THE 8TH
Chicago Gold Sox batting - Pitching for Phoenix Hotspur : RHP Miguel Rubia
Batting: RHB Zeus Preckwinkle 0-0: Swinging Strike
0-1: Swinging Strike
0-2: Strikes out looking
Batting: RHB Matt Love 0-0: Ball
1-0: Swinging Strike
1-1: Reached on error, E5 (Groundball, 56S)
Pitching: RHP Mitchell Atwell
Batting: LHB Stanley Belote 0-0: Ground out 6-3 (Groundball, 6M)
Matt Love to third
Batting: LHB Noel Ballard 0-0: Ball
1-0: Called Strike
1-1: Ball
2-1: Ball
3-1: Base on Balls
Batting: LHB Melvin Castro 0-0: Ball
1-0: Called Strike
1-1: Ball
2-1: Ground out 4-3 (Groundball, 4)
Bottom of the 8th over - 0 runs, 0 hits, 1 error, 2 left on base; Phoenix 3 - Chicago 1
TOP OF THE 9TH
Phoenix Hotspur batting - Pitching for Chicago Gold Sox : RHP Gordon Fry
Batting: RHB Ed Sharp 0-0: Ball
1-0: Ball
2-0: Ball
3-0: Base on Balls
Batting: LHB Wagaw Lukongolo 0-0: Ball
1-0: Ball
2-0: Bunted foul
2-1: Sac Bunt - play at first, batter OUT! 1-4
Ed Sharp to second
Batting: RHB Alex Niemann 0-0: Called Strike
0-1: Ball
1-1: Swinging Strike
1-2: Ball
2-2: Ball
3-2: Base on Balls
Batting: RHB Ted Cook 0-0: Ball
1-0: Called Strike
1-1: Ball
2-1: Ball
3-1: Foul Ball, location: 2F
3-2: Base on Balls
Ed Sharp to third
Alex Niemann to second
Batting: RHB Pierre Bernard 0-0: Grounds into fielders choice 6-2 (Groundball, 6)
Alex Niemann to third
Ted Cook to second
Pitching: RHP Rafael García
Batting: RHB Kyle Bywaters 0-0: SINGLE (Groundball, 34D)
Alex Niemann scores
Ted Cook to third
Pierre Bernard to second
Runner from 3rd tries for Home, SAFE, no throw
Batting: RHB Hieronymus Bosch 0-0: Called Strike
0-1: Ball
1-1: Reached on error, E5 (Groundball, 56)
Pierre Bernard to third
Kyle Bywaters to second
Batting: LHB Francisco García 0-0: Fly out, F5 (Popup, 6S)
Top of the 9th over - 2 runs, 1 hit, 1 error, 3 left on base; Phoenix 5 - Chicago 1
BOTTOM OF THE 9TH
Chicago Gold Sox batting - Pitching for Phoenix Hotspur : RHP Mitchell Atwell
Batting: LHB Dewitt Hopper 0-0: Called Strike
0-1: Ball
1-1: Ball
2-1: Foul Ball, location: 2F
2-2: SINGLE (Line Drive, 9LS)
Batting: SHB Lupo Cotto 0-0: Called Strike
0-1: Foul Ball, location: 2F
0-2: Ball
1-2: Strikes out swinging
Batting: LHB Ricardo Collazo 0-0: Called Strike
0-1: Ball
1-1: Called Strike
1-2: Foul Ball, location: 2F
1-2: Ball
Wild Pitch!
Dewitt Hopper to second
2-2: Ball
3-2: Strikes out looking
Batting: RHB Manuel Guillama 0-0: Called Strike
0-1: Ball
1-1: Ball
2-1: Ball
3-1: Base on Balls
Pitching: RHP Alexander Weareorwear
Batting: RHB Zeus Preckwinkle 0-0: Foul Ball, location: 2F
0-1: Foul Ball, location: 2F
0-2: Strikes out swinging
Bottom of the 9th over - 0 runs, 1 hit, 0 errors, 2 left on base; Phoenix 5 - Chicago 1
Tuesday, December 19th, 2017 - OOTP Baseball 18.8 Build 76